 Dungeon Crawl Stone Soup version 0.18-a0-1523-gbe15c29 (webtiles) character file.

41 Arkorax the Ducker (level 3, 0/19 HPs)
             Began as a Spriggan Monk on Mar 7, 2016.
             Slain by a giant gecko (4 damage)
             ... on level 2 of the Dungeon.
             The game lasted 00:01:25 (1024 turns).

Arkorax the Ducker (Spriggan Monk)                  Turns: 1024, Time: 00:01:25

Health: 0/19       AC:  2    Str:  7    XL:     3   Next: 32%
Magic:  4/4        EV: 21    Int: 11    God:
Gold:   95         SH:  0    Dex: 19    Spells: 0 memorised, 2 levels left

rFire  . . .     SeeInvis +       - Unarmed
rCold  . . .     Gourm    .     a - +0 robe
rNeg   . . .     Faith    .     (shield restricted)
rPois  .         Spirit   .     (helmet restricted)
rElec  .         Dismiss  .     (no cloak)
rCorr  .         Reflect  .     (gloves unavailable)
SustAt .         Harm     .     (boots unavailable)
MR     .....                    (no amulet)
Stlth  +++.......               (no ring)
                                (no ring)

@: very quick, not resistant to hostile enchantments, fairly stealthy
A: unfitting armour, see invisible, herbivore 3, speed 3, slow metabolism 2
a: no special abilities


You were on level 2 of the Dungeon.
You were not hungry.

You visited 1 branch of the dungeon, and saw 2 of its levels.

You collected 95 gold pieces.

Inventory:

Armour
 a - a +0 robe (worn)
Jewellery
 m - an uncursed ring of ice
Scrolls
 c - a scroll of noise {unknown}
 d - 2 scrolls of amnesia {unknown}
 f - 4 scrolls of identify {unknown}
 g - a scroll of fog {unknown}
 n - a scroll of blinking {unknown}
Potions
 e - a potion of brilliance
 j - a potion of mutation {unknown}
 k - a potion of haste {unknown}
 l - 2 potions of heal wounds {unknown}
 o - a potion of degeneration {unknown}
Comestibles
 b - a bread ration
 h - 4 fruits


   Skills:
 + Level 2.8 Fighting
 + Level 5.2 Dodging
 - Level 3.0 Stealth
 * Level 3.6 Unarmed Combat


You had 2 spell levels left.
You didn't know any spells.

Dungeon Overview and Level Annotations

Branches:
Dungeon (2/15)

Altars:


Innate Abilities, Weirdness & Mutations

You are tiny and cannot use many weapons and most armour.
You have supernaturally acute eyesight.
You are a herbivore.
You cover ground extremely quickly.
You need consume almost no food.


Message History

You hit the giant gecko.
The giant gecko is severely wounded.
The giant newt completely misses you. The giant gecko completely misses you.
You hit the giant gecko but do no damage.
The giant gecko is severely wounded.
The giant gecko closely misses you. The giant newt bites you.
You hit the giant gecko.
The giant gecko is almost dead.
The giant gecko bites you.
* * * LOW HITPOINT WARNING * * *
The giant newt misses you.
You are too injured to fight recklessly!
You are too injured to fight recklessly!
You are too injured to fight recklessly!
You are too injured to fight recklessly!
You are too injured to fight recklessly!
You barely miss the giant gecko.
The giant gecko is severely wounded.
The giant gecko bites you.
You die...

...... #..... # ..... #.....
#> .... ####..... ##>###
#..###.%...... ##.....##
#..##..##..... #.......##
#.....####.... .........#
#####.#......#...
.........####........###<....
..........ll@.###.##.# #####.
..........##### #.##.## ##
.........## #)##..#
#.......## #.###.# .........
#># #.## ......... #.# #..###
....?..... #.# ##..[#
.........# ### ###.###
.......... #...##


You could see a giant gecko and a giant newt.

Vanquished Creatures
  An adder (D:2)
  A giant gecko (D:2)
  2 giant cockroaches
  A goblin (D:1)
  5 hobgoblins
  3 jackals (D:2)
  A kobold (D:2)
  9 bats
  2 giant newts
  5 rats
30 creatures vanquished.

Notes
Turn   | Place    | Note
--------------------------------------------------------------
     0 | D:1      | Arkorax the Spriggan Monk began the quest for the Orb.
     0 | D:1      | Reached XP level 1. HP: 11/11 MP: 2/2
   174 | D:1      | Reached XP level 2. HP: 16/16 MP: 3/3
   759 | D:2      | Reached skill level 5 in Dodging
   829 | D:2      | Reached XP level 3. HP: 13/19 MP: 4/4
  1024 | D:2      | Slain by a giant gecko

Vault maps used:
D:1:      lemuel_arrival_rhombus, kennysheep_minor_cross
D:2:      amethyst_overflow_temple_binary

Skill      XL: |  1  2 |
---------------+-------+-----
Dodging        | 5 |  5.2
Fighting       | |  2.8
Stealth        | |  3.0
Unarmed Combat | |  3.6

Action                   || total
-------------------------++-------
Melee: Unarmed           ||   125
  Use: Potion            ||     2
 Stab: Sleeping          ||     9
